 Dungeon Crawl Stone Soup version 0.17.0-57-g0e89251 (webtiles) character file.

8212 JokEr the Fighter (level 11, 0/165 HPs)
             Began as a Minotaur Berserker on Dec 7, 2015.
             Was a High Priest of Trog.
             Slain by Sonja
             ... wielding a +0 short sword of draining
              (1 damage)
             ... on level 10 of the Dungeon.
             The game lasted 00:37:22 (12855 turns).

JokEr the Fighter (Minotaur Berserker)             Turns: 12855, Time: 00:37:23

Health: 0/165      AC:  8    Str: 30    XL:     11   Next: 6%
Magic:  3/3        EV: 10    Int:  4    God:    Trog [*****.]
Gold:   197        SH:  0    Dex: 10    Spells: 0 memorised, 10 levels left

rFire  + . .     SeeInvis .     A - +4 executioner's axe (antimagic)
rCold  . . .     Clarity  .     r - +1 scale mail {rF+}
rNeg   . . .     SustAt   .     (shield currently unavailable)
rPois  .         Gourm    .     (helmet restricted)
rElec  .         Spirit   .     (no cloak)
rCorr  .         Warding  .     (no gloves)
rMut   .         Stasis   .     C - +0 pair of boots
MR     .....                    l - amulet of faith
Stlth  ..........               (no ring)
                                i - ring of invisibility

@: berserking, lethally poisoned (0 -> -18), slowed, very heavily drained, not
resistant to hostile enchantments, extremely unstealthy
A: retaliatory headbutt, horns 2
a: Berserk, Trog's Hand, Brothers in Arms, Burn Spellbooks, Renounce Religion,
Evoke Invisibility


You were on level 10 of the Dungeon.
You worshipped Trog.
Trog was extremely pleased with you.
You were very full.

You visited 1 branch of the dungeon, and saw 10 of its levels.

You collected 543 gold pieces.
You spent 346 gold pieces at shops.

Inventory:

Hand Weapons
 A - a +4 antimagic executioner's axe (weapon)
 H - a +2 triple crossbow of freezing
Armour
 b - a +0 animal skin
 r - a +1 scale mail of fire resistance (worn)
 z - a +0 plate armour
 C - a +0 pair of boots (worn)
Jewellery
 d - an uncursed amulet of rage
 i - a ring of invisibility (left hand)
 j - an uncursed amulet of the gourmand
 l - an amulet of faith (around neck)
 u - a cursed ring of positive energy
Wands
 h - a wand of enslavement (7)
 s - a wand of frost (34)
 t - a wand of disintegration (16)
 w - a wand of flame (11)
 y - a wand of frost (19)
Scrolls
 a - a scroll of fear
 c - 3 scrolls of teleportation
 f - 6 scrolls of remove curse
Potions
 e - 2 potions of heal wounds {unknown}
 g - a potion of curing
 k - a potion of cancellation {unknown}
 m - 3 potions of lignification {unknown}
 n - 2 potions of brilliance {unknown}
 p - 2 potions of flight {unknown}
 q - 2 potions of ambrosia {unknown}
 v - 4 potions of poison
Books
 x - a book of Ice

   Spells                             Type                      Level
   a - Ice Form                       Ice/Transmutation            4
   b - Metabolic Englaciation         Hexes/Ice                    5
   c - Ozocubu's Refrigeration        Ice                          6
   d - Bolt of Cold                   Conjuration/Ice              6
   e - Freezing Cloud                 Conjuration/Ice/Air          6
   f - Simulacrum                     Ice/Necromancy               6
   Trog disapproves of the use of such an item.
 G - a book of the Earth

   Spells                             Type                      Level
   a - Leda's Liquefaction            Hexes/Earth                  4
   b - Bolt of Magma                  Conjuration/Fire/Earth       5
   c - Statue Form                    Transmutation/Earth          6
   d - Iron Shot                      Conjuration/Earth            6
   e - Shatter                        Earth                        9
   Trog disapproves of the use of such an item.
Comestibles
 o - a royal jelly
 B - 4 fruits
 D - 4 bread rations
 E - 3 meat rations
 F - a beef jerky


   Skills:
 + Level 14.2(7.1) Fighting
 + Level 14.2(7.1) Axes
 - Level 2.4(0.0) Armour
 - Level 2.1(0.0) Dodging


You had 10 spell levels left.
You didn't know any spells.

Dungeon Overview and Level Annotations

Branches:
Dungeon (10/15)            Temple (0/1) D:5            Lair (0/8) D:8
    Orc (0/4) D:10

Altars:
Gozag
Yredelemnul

Shops:
D:10 %

Portals:
Bailey: D:7

Annotations:
D:10 Sonja


Innate Abilities, Weirdness & Mutations

You reflexively headbutt those who attack you in melee.
You have a pair of horns on your head.


Message History

Sonja is moderately wounded.
* * * LOW HITPOINT WARNING * * *
You feel very sick. Sonja hits you but does no damage.
You feel drained. Sonja completely misses you.
Sonja hits you but does no damage.
You feel drained.
Sonja hits you with an uncursed short sword of draining.
* * * LOW HITPOINT WARNING * * *
You feel drained. Sonja closely misses you. Sonja hits you but does no damage.
You feel drained.
You completely miss Sonja. Your headbutt misses Sonja.
Sonja is moderately wounded.
* * * LOW HITPOINT WARNING * * *
You feel very sick. Sonja closely misses you. You furiously retaliate!
You headbutt Sonja! Sonja hits you but does no damage.
You feel drained. Sonja barely misses you.
Sonja hits you with an uncursed short sword of draining.
* * * LOW HITPOINT WARNING * * *
You feel drained.
You die...

.....# ... #.......#..
.....# .... #.......###
.....# ...
#######..........
####'####...........#####
............†.......#...#
....................#...+
#......##'######.#..># .
#....K.#.... #.#.).# ...
#..(.@(#...... #.##)##
.....#.(#####.......#...)..
.....'.(# ........#......
######..# .........#......
....# ##'#######......
....... ........ >....K...
......... ..........
.......... ..........
..........


You could see Sonja.

Vanquished Creatures
  Erolcha (D:8)
  The ghost of Nicoed the Covered, a novice GrSk (D:4)
  The ghost of lucasterio the Slicer, a novice KoBe of Trog (D:5)
  A queen bee (D:9)
  Grinder (D:4)
  Prince Ribbit (D:8)
  2 hungry ghosts
  A wyvern (D:8)
  Duvessa (D:6)
  4 ice beasts
  A sky beast (D:7)
  A necrophage (D:9)
  A black bear (D:10)
  A crocodile (D:10)
  4 centaurs
  4 orc warriors
  5 ogres
  5 giant frogs
  A big kobold (D:7)
  A wyvern zombie (D:10)
  Dowan (D:6)
  22 killer bees
  2 scorpions
  5 wights (D:6)
  3 electric eels
  5 crimson imps
  A jelly (D:7)
  A centaur zombie (D:9)
  A giant frog zombie (D:3)
  9 orc priests
  2 centaur skeletons
  7 hounds
  13 orc wizards
  Jessica (D:2)
  2 giant frog skeletons
  Terence (D:2)
  9 worker ants
  An iguana (D:8)
  2 killer bee zombies
  A hound zombie (D:7)
  A hound skeleton (D:4)
  A worker ant zombie (D:9)
  14 gnolls
  16 adders
  2 shadow imps
  An ooze (D:6)
  2 adder skeletons
  6 worms
  67 orcs
  10 giant cockroaches
  9 goblins
  11 hobgoblins
  11 jackals
  11 kobolds
  8 quokkas
  2 ball pythons
  10 bats
  8 giant geckos
  2 giant gecko zombies
  4 giant newts
  A quokka zombie (D:5)
  10 rats
334 creatures vanquished.

Vanquished Creatures (others)
  A plant (D:1)
1 creature vanquished.

Grand Total: 335 creatures vanquished

Notes
Turn   | Place    | Note
--------------------------------------------------------------
     0 | D:1      | JokEr the Minotaur Berserker began the quest for the Orb.
     0 | D:1      | Reached XP level 1. HP: 19/19 MP: 0/0
     6 | D:1      | Noticed a soldier ant
     6 | D:1      | Noticed a giant leech
     6 | D:1      | Noticed an iguana
     7 | D:1      | Noticed an ettin
   202 | D:1      | Reached skill level 4 in Fighting
   213 | D:1      | Reached XP level 2. HP: 27/27 MP: 1/1
   772 | D:2      | Noticed Terence
   783 | D:2      | Reached ** piety under Trog
   783 | D:2      | Reached XP level 3. HP: 32/34 MP: 2/2
   789 | D:2      | Killed Terence
   789 | D:2      | Reached skill level 5 in Axes
   791 | D:2      | Reached XP level 4. HP: 30/41 MP: 3/3
   796 | D:2      | Reached skill level 5 in Fighting
  1212 | D:2      | Found a basalt altar of Yredelemnul.
  1212 | D:2      | Noticed Jessica
  1232 | D:2      | Reached XP level 5. HP: 48/48 MP: 4/4
  1236 | D:2      | Killed Jessica
  1824 | D:2      | Reached *** piety under Trog
  1824 | D:2      | Reached skill level 6 in Axes
  2103 | D:3      | Reached XP level 6. HP: 53/58 MP: 5/5
  2985 | D:3      | Reached skill level 7 in Fighting
  2997 | D:3      | Reached **** piety under Trog
  3142 | D:3      | Reached XP level 7. HP: 36/66 MP: 6/6
  3541 | D:4      | Noticed Nicoed's ghost (novice GrSk)
  3555 | D:4      | Killed Nicoed's ghost
  3555 | D:4      | Reached skill level 8 in Fighting
  3717 | D:4      | Noticed Grinder
  3740 | D:4      | Paralysed by Grinder for 3 turns
  3761 | D:4      | Killed Grinder
  3761 | D:4      | Reached XP level 8. HP: 68/77 MP: 7/7
  3888 | D:4      | Reached skill level 9 in Axes
  4509 | D:4      | Received a gift from Trog
  4700 | D:5      | Entered Level 5 of the Dungeon
  5332 | D:5      | Noticed lucasterio's ghost (novice KoBe)
  5342 | D:5      | Killed lucasterio's ghost
  5342 | D:5      | Reached skill level 10 in Fighting
  5342 | D:5      | Reached skill level 10 in Axes
  5343 | D:5      | Found a staircase to the Ecumenical Temple.
  5940 | D:5      | Reached XP level 9. HP: 37/86 MP: 8/8
  6602 | D:6      | Reached ***** piety under Trog
  6763 | D:6      | Noticed Dowan
  6764 | D:6      | Noticed Duvessa
  6772 | D:6      | Killed Duvessa
  6774 | D:6      | Killed Dowan
  6774 | D:6      | Reached skill level 11 in Axes
  7496 | D:7      | Received a gift from Trog
  7630 | D:7      | Found a flagged portal.
  7863 | D:7      | Reached skill level 12 in Fighting
  8482 | D:8      | Found a staircase to the Lair.
  8500 | D:8      | Reached XP level 10. HP: 99/99 MP: 3/9
  8663 | D:8      | Noticed Erolcha
  8669 | D:8      | Killed Erolcha
  9058 | D:8      | Reached skill level 13 in Axes
  9594 | D:8      | Noticed Prince Ribbit
  9596 | D:8      | Killed Prince Ribbit
 10318 | D:9      | Found an opulent altar of Gozag.
 10488 | D:10     | Entered Level 10 of the Dungeon
 10896 | D:9      | Received a gift from Trog
 11723 | D:10     | Reached skill level 14 in Fighting
 11794 | D:10     | Found Arry's Food Boutique.
 11803 | D:10     | Bought a meat ration for 55 gold pieces
 11803 | D:10     | Bought a meat ration for 55 gold pieces
 11803 | D:10     | Bought a bread ration for 55 gold pieces
 11803 | D:10     | Bought a bread ration for 55 gold pieces
 11803 | D:10     | Bought a bread ration for 55 gold pieces
 11803 | D:10     | Bought a meat ration for 55 gold pieces
 11803 | D:10     | Bought a beef jerky for 16 gold pieces
 12014 | D:10     | Found a staircase to the Orcish Mines.
 12034 | D:10     | Reached XP level 11. HP: 40/110 MP: 3/10
 12042 | D:10     | Received a gift from Trog
 12840 | D:10     | Noticed Sonja
 12854 | D:10     | HP: 7/165 [poisoned by Sonja (curare-tipped needle)]
 12855 | D:10     | HP: 1/165 [Sonja/uncursed short sword of draining (3)]
 12855 | D:10     | Slain by Sonja

Action                   |  1- 3 |  4- 6 |  7- 9 | 10-12 || total
-------------------------+-------+-------+-------+-------++-------
Melee: Hand axe          |    47 |   170 |   255 |       ||   472
       Executioner's axe |       |       |    70 |   226 ||   296
       Battleaxe         |       |       |    31 |       ||    31
Invok: Berserk           |     1 |     2 |     5 |     4 ||    12
       Burn Spellbooks   |       |       |       |     1 ||     1
  Use: Scroll            |     5 |     1 |     8 |     5 ||    19
       Potion            |       |       |       |     4 ||     4
  Eat: Meat ration       |       |     2 |     5 |       ||     7
       Bread ration      |       |     1 |       |     2 ||     3
       Royal jelly       |       |       |     1 |     6 ||     7
       Beef jerky        |       |       |     1 |     1 ||     2
       Pizza             |       |       |     1 |       ||     1
